 Dungeon Crawl Stone Soup version 0.29-a0-1009-g60c99734e7 (webtiles) character file.

Game seed: 10406166958655880663

57 vurker the Ducker (level 3, 0/28 HPs)
             Began as a Minotaur Enchanter on Aug 8, 2022.
             Slain by a goblin
             ... wielding a +0 dagger
             ... led by Robin
              (3 damage)
             ... on level 2 of the Dungeon.
             The game lasted 00:01:29 (1158 turns).

vurker the Ducker (Minotaur Enchanter)              Turns: 1158, Time: 00:01:30

Health: 0/28       AC:  3    Str: 14    XL:     3   Next: 73%
Magic:  4/4        EV: 12    Int: 12    God:
Gold:   27         SH:  0    Dex: 10    Spells: 4/4 levels left

rFire   . . .      SeeInvis .   a - +1 dagger
rCold   . . .      Faith    .   (no shield)
rNeg    . . .      Spirit   .   b - +0 robe
rPois   +          Reflect  .   (helmet restricted)
rElec   .          Harm     .   (no cloak)
rCorr   .          Rampage  .   f - +0 pair of gloves
Will    .....                   (no boots)
Stlth   ++........              (no amulet)
HPRegen 0.09/turn               h - ring of poison resistance
MPRegen 0.09/turn               (no ring)

@: no status effects
A: horns 2, retaliatory headbutt
a: no special abilities


You were on level 2 of the Dungeon.
You visited 1 branch of the dungeon, and saw 2 of its levels.

You collected 27 gold pieces.

Inventory:

Hand Weapons
 a - a +1 dagger (weapon)
Armour
 b - a +0 robe (worn)
 f - a +0 pair of gloves (worn)
   (You found it on level 1 of the Dungeon)
Jewellery
 h - a ring of poison resistance (left hand)
   (You found it on level 1 of the Dungeon)
Scrolls
 d - 2 scrolls of teleportation {unknown}
 i - a scroll of enchant armour {unknown}
 j - a scroll of identify {unknown}
Potions
 c - 3 potions of invisibility
 e - 2 potions of curing {unknown}
 g - a potion of heal wounds {unknown}


   Skills:
 + Level 1.5 Fighting
 * Level 2.6 Short Blades
 + Level 1.6 Armour
 + Level 2.8 Dodging
 - Level 2.4 Stealth
 - Level 1.3 Spellcasting
 - Level 2.0 Hexes


You had 4 spell levels left.
You didn't know any spells.
Your spell library contained the following spells:

 Spells                   Type           Power      Damage    Failure   Level
 Slow                     Hex            20%        N/A       13%         1
 Sting                    Tmut/Pois      0%         1d3       28%         1
 Ensorcelled Hibernation  Hex/Ice        6%         N/A       28%         2
 Confusing Touch          Hex            5%         N/A       36%         3
 Tukima's Dance           Hex            5%         N/A       36%         3
 Poisonous Vapours        Pois/Air       0%         N/A       41%         2
 Dazzling Flash           Conj/Hex       6%         N/A       50%         3
 Vampiric Draining        Necr           0%         2d6       65%         3
 Olgreb's Toxic Radiance  Pois           0%         N/A       96%         4


Dungeon Overview and Level Annotations

Branches:
Dungeon (2/15)

Altars:
Xom

Shops:
D:1 (

Annotations:
D:2 1 runed translucent door, Crazy Yiuf, Robin


Innate Abilities, Weirdness & Mutations

You have a pair of horns on your head.
You reflexively headbutt those who attack you in melee.


Message History

* * * LOW HITPOINT WARNING * * *
You closely miss the goblin. Your headbutt misses the goblin.
The goblin closely misses you. You furiously retaliate!
You headbutt the goblin.
You kill the goblin!
Robin throws the goblin at you!
The hobgoblin hits you but does no damage.
The goblin barely misses you.
You closely miss the hobgoblin. The goblin misses you.
The hobgoblin hits you but does no damage.
A goblin comes into view. It is wielding a +0 dagger.
The hobgoblin misses you. You furiously retaliate!
You headbutt the hobgoblin!
You kill the hobgoblin!
You closely miss the hobgoblin. Robin throws the goblin at you!
The goblin hits you with a +0 club.
* * * LOW HITPOINT WARNING * * *
The hobgoblin closely misses you. The goblin hits you but does no damage.
You barely miss the goblin. The hobgoblin misses you. The goblin misses you.
You furiously retaliate!
You headbutt the goblin!
You kill the goblin!
The goblin closely misses you. You furiously retaliate!
You headbutt the goblin, but do no damage.
The goblin shouts!
You hit the goblin. The goblin closely misses you. The hobgoblin hits you.
* * * LOW HITPOINT WARNING * * *
Robin roars a battlecry!
A hobgoblin comes into view.
You closely miss the goblin. Your punch misses the goblin.
Unknown command.
Unknown command.
You barely miss the goblin.
Robin says, "My army is invincible!"
The goblin barely misses you. You furiously retaliate!
You headbutt the goblin.
You kill the goblin!
The hobgoblin misses you. You furiously retaliate!
You headbutt the hobgoblin.
You kill the hobgoblin!
Things that are here:
a +0 club; a +0 club The goblin attacks as you move away!
The goblin barely misses you. The goblin attacks as you move away!
The goblin misses you.
The goblin no longer looks unusually strong.
You hit the goblin. The goblin barely misses you. You furiously retaliate!
You headbutt the goblin, but do no damage.
You closely miss the goblin. The goblin hits you with a +0 dagger.
* * * LOW HITPOINT WARNING * * *
You completely miss the goblin. Your headbutt misses the goblin.
The goblin hits you with a +0 dagger.
* * * LOW HITPOINT WARNING * * *
You closely miss the goblin. The goblin hits you with a +0 dagger.
You die...

# #.# .. #.##)##.#
#...).gg# ####g####
#....g.# #......##.#
#.##.#.##.####### #
#.######g#....# #.
##@#.....# #
##.#......#
##.#.......# ###
##.#........# #..
#.#.....#.#.# #.# .#
.#.#........#.# #.##.#
#.#...........# #.##.#
.#............###.##.#
#.......†###.....##.##.


You could see a goblin.

Vanquished Creatures
  An adder (D:1)
  A dart slug (D:1)
  2 worms (D:2)
  4 bats
  3 endoplasms
  A giant cockroach (D:2)
  6 goblins
  9 hobgoblins
  4 ball pythons (D:1)
  4 frilled lizards (D:2)
  2 kobolds
  2 rats (D:1)
39 creatures vanquished.

Notes
Turn   | Place    | Note
-------+----------+-------------------------------------------
     0 | D:1      | vurker the Minotaur Enchanter began the quest for the Orb.
     0 | D:1      | Reached XP level 1. HP: 14/14 MP: 1/1
   235 | D:1      | Reached XP level 2. HP: 17/22 MP: 3/3
   481 | D:1      | Reached skill level 1 in Fighting
   494 | D:1      | Reached skill level 1 in Armour
   504 | D:1      | Found Doabb's Antique Weapon Shoppe.
   554 | D:1      | Found a faded altar of an unknown god.
   750 | D:1      | Reached XP level 3. HP: 27/28 MP: 4/4
   897 | D:2      | Found a shimmering altar of Xom.
   939 | D:2      | Found a runed translucent door.
   940 | D:2      | Noticed Crazy Yiuf
  1135 | D:2      | Noticed Robin
  1158 | D:2      | Slain by a goblin

Illustrated notes

Levels and vault maps discovered:
D:1:      dpeg_arrival_rooms_b, layout_rooms, serial_shops,
          nicolae_lakefront_shop, shapermc_ecumenical_altar_acropolis,
          glass_columns_c, minmay_shallow_snake_nest
D:2:      wad_pebble_path, layout_loops_cross, basic_altar,
          roderic_roman_lattice, minmay_joined_circles, uniq_crazy_yiuf_cottage,
          uniq_sigmund, uniq_robin

Skill      XL: |  1  2 |
---------------+-------+-----
Fighting       | 1 |  1.5
Armour         | 1 |  1.6
Short Blades   | 2 |  2.6
Dodging        | |  2.8
Stealth        | |  2.4
Spellcasting   | |  1.3
Hexes          | |  2.0

Action                   || total
-------------------------++-------
Melee: Dagger            ||    85
       Headbutt          ||    13
 Stab: Sleeping          ||     3
Armor: Robe              ||    25
Dodge: Dodged            ||    68

Table legend: (Time is in decaauts)
 A = Elapsed time spent in this place.
 B = Non-inter-level travel time spent in this place.
 C = Inter-level travel time spent in this place.
 D = Time resting spent in this place.
 E = Time spent auto-exploring this place.
 F = Levels seen in this place.
 G = Mean time per level.
                   A        B        C        D        E       F      G
               +--------+--------+--------+--------+--------+-----+--------+
         Total |   1150 |   1143 |      7 |      0 |    906 |   2 |  575.0 |
       Dungeon |   1150 |   1143 |      7 |      0 |    906 |   2 |  575.0 |
               +--------+--------+--------+--------+--------+-----+--------+

Top non-repeatable levels by time:
     D:1: 703 daAuts
     D:2: 447 daAuts
